Map: Acid Plant LE

Players

Zanster

  • Race: Zerg Zerg
  • Spawn Location: 11:00

goblin - Winner!

  • Race: Protoss Protoss
  • Spawn Location: 5:00

Event: HomeStory Cup XVIII

VOD

Have the link to the VOD?

Description

Time

  • Played on: Nov. 22, 2018, 2 p.m.
  • Length: 10:17

All games in this series

Show
View Real Time Build Order
Export as new Build Order

Zanster Zerg 

Build Orders: Hatch First 

Get SALT Encoding   

  12  0:00  Drone  
  13  0:12  Overlord  
  13  0:17  Drone  
  14  0:30  Drone x2  
  14  0:34  Drone  
  17  0:45  Drone  
  18  1:00  Drone, Hatchery  
  18  1:01  Extractor  
  17  1:17  Drone, Spawning Pool  
  17  1:20  Drone  
  18  1:28  Drone  
  19  1:39  Drone  
  20  1:55  Drone  
  21  2:04  Metabolic Boost  
  21  2:07  Drone  
  22  2:11  Queen x2  
  22  2:12  Overlord  
  22  2:15  Zergling x2  
  27  2:23  Zergling x2  
  28  2:32  Zergling x2  
  28  2:33  Zergling x2  
  28  2:36  Drone  
  31  2:43  Drone  
  32  2:52  Drone, Hatchery  
  32  2:57  Queen  
  34  3:00  Overlord  
  34  3:07  Drone x2  
  34  3:09  Overlord  
  36  3:18  Overlord  
  36  3:22  Drone  
  36  3:26  Drone x6  
  43  3:28  Drone  
  43  3:33  Queen  
  46  3:37  Extractor  
  46  3:40  Drone  
  46  3:41  Overlord  
  46  3:45  Queen  
  48  3:50  Spore Crawler  
  48  3:53  Drone x2  
  50  3:55  Drone  
  50  3:56  Drone  
  50  3:58  Drone x2  
  53  4:05  Roach Warren  
  53  4:08  Drone  
  53  4:09  Drone  
  54  4:12  Zergling x6  
  57  4:18  Overlord  
  57  4:24  Lair  
  57  4:29  Overlord  
  57  4:32  Extractor  
  58  4:45  Roach  
  58  4:46  Roach x8  
  58  4:51  Roach  
  76  4:53  Queen  
  76  4:54  Overlord  
  80  5:00  Roach x2  
  80  5:05  Overlord  
  81  5:07  Roach x2  
  85  5:18  Roach  
  85  5:19  Roach x3  
  87  5:22  Roach  
  87  5:23  Zergling x4  
  84  5:35  Roach  
  84  5:36  Roach  
  84  5:46  Drone x7  
  90  5:50  Extractor  
  90  5:57  Drone x3, Glial Reconstitution  
  86  6:02  Overseer  
  86  6:03  Drone  
  86  6:04  Drone x5  
  86  6:09  Overlord  
  84  6:12  Drone  
  84  6:19  Overseer  
  84  6:21  Drone  
  84  6:22  Drone  
  84  6:25  Drone x3  
  88  6:38  Roach x5  
  96  6:49  Roach x4  
  96  6:50  Overlord  
  104  7:01  Ravager x2  
  106  7:02  Zergling x12  
  106  7:06  Zergling x4  
  114  7:11  Ravager  
  111  7:25  Roach x6  
  110  7:36  Roach  
  110  7:37  Roach x4, Zergling x6  
  106  7:44  Roach  
  82  7:52  Roach x3  
  82  7:56  Roach  
  89  8:01  Roach x3  
  89  8:02  Zergling x2  
  85  8:09  Roach x2  
  81  8:14  Drone x2  
  83  8:21  Drone  
  83  8:22  Drone x2  
  86  8:27  Drone x2  
  83  8:37  Roach  
  83  8:38  Roach x2  
  83  8:41  Ravager  
  82  8:47  Ravager x2, Drone  
  82  8:48  Drone  
  86  8:50  Roach  
  86  8:55  Roach x2  
  92  9:01  Ravager  
  93  9:06  Roach x2  
  97  9:13  Drone x2  
  97  9:14  Roach  
  97  9:15  Roach x2  
  105  9:22  Ravager  
  105  9:23  Zergling x8  
  105  9:24  Zergling x2  
  111  9:31  Roach x2, Zergling x2  
  116  9:41  Roach x3  
  116  9:44  Overlord  
  108  9:53  Roach  
  108  9:54  Roach x3  
Show
View Real Time Build Order
Export as new Build Order

goblin Protoss - Winner!

Build Orders: 1 Gate Expand 

Get SALT Encoding   

  12  0:00  Probe  
  13  0:12  Probe  
  14  0:20  Pylon  
  14  0:25  Probe  
  15  0:34  Probe  
  15  0:42  Probe  
  16  0:45  Gateway  
  17  0:53  Probe  
  17  0:54  Assimilator  
  18  1:05  Probe  
  19  1:22  Nexus  
  19  1:25  Probe  
  20  1:37  Probe, Cybernetics Core  
  21  1:48  Assimilator  
  21  1:49  Probe  
  21  1:53  Pylon  
  23  2:01  Probe  
  23  2:05  Adept  
  23  2:09  Probe  
  26  2:17  Probe  
  26  2:19  Twilight Council  
  27  2:27  Probe  
  28  2:30  Probe  
  28  2:31  Stalker  
  31  2:40  Probe x2  
  31  2:43  Warp Gate  
  33  2:47  Resonating Glaives  
  33  2:52  Probe  
  33  2:53  Probe  
  35  3:04  Probe x2  
  36  3:12  Probe  
  37  3:14  Gateway  
  37  3:15  Adept  
  37  3:16  Probe  
  41  3:20  Probe  
  41  3:28  Probe, Robotics Facility  
  41  3:32  Probe  
  43  3:40  Probe  
  44  3:44  Gateway  
  44  3:45  Gateway  
  44  3:49  Gateway  
  44  3:52  Gateway  
  44  3:56  Assimilator  
  44  3:59  Assimilator  
  44  4:07  Gateway, Warp Prism  
  44  4:08  Gateway  
  44  4:14  Shield Battery  
  44  4:22  Pylon  
  46  4:27  Pylon  
  46  4:35  Pylon  
  46  4:37  Pylon  
  46  4:48  Adept x4  
  54  5:01  Adept x3  
  54  5:02  Adept  
  62  5:12  Adept x3  
  66  5:26  Adept x2  
  66  5:27  Adept x3  
  70  5:30  Immortal  
  64  6:02  Sentry, Probe x2  
  64  6:03  Sentry, Immortal  
  60  6:06  Pylon  
  60  6:07  Pylon  
  65  6:18  Probe x2  
  66  6:27  Zealot, Sentry, Adept x4  
  66  6:30  Pylon  
  76  6:44  Adept  
  76  6:45  Adept  
  80  6:47  Pylon  
  80  6:48  Zealot  
  80  6:50  Adept x3  
  80  6:51  Adept  
  90  7:01  Pylon  
  90  7:06  Adept x3  
  94  7:27  Adept x2  
  94  7:28  Adept x2, Stalker x3  
  88  7:38  Adept  
  78  7:50  Adept x2  
  78  7:51  Adept  
  78  7:54  Adept x3  
  76  8:01  Immortal  
  66  8:15  Adept x4  
  66  8:19  Sentry x2  
  74  8:39  Sentry x2  
  78  8:47  Zealot  
  82  8:51  Warp Prism  
  82  8:59  Sentry x2  
  82  9:00  Adept x2  
  82  9:02  Adept  
  92  9:07  Adept x2  
  96  9:14  Adept  
  98  9:27  Adept  
  98  9:28  Adept x3  
  106  9:52  Adept x4, Stalker  
  110  9:53  Stalker  
  110  9:59  Adept x2  
Tags
 
Add a new tag
Caveats
  • Supply blocks, unpowered buildings, or Contaminate may cause inaccurate times.
  • Supply counts are checked every 10 seconds.